 Dungeon Crawl Stone Soup version 0.19.0-20-gbc5f0c6 (webtiles) character file.

165 Malachi the Insei (level 5, -2/37 HPs)
             Began as a Demonspawn Transmuter on Nov 17, 2016.
             Slain by an adder (5 damage)
             ... on level 3 of the Dungeon.
             The game lasted 00:05:10 (3348 turns).

Malachi the Insei (Demonspawn Transmuter)           Turns: 3348, Time: 00:05:11

Health: -2/37      AC:  2    Str: 10 (11) XL:     5   Next: 21%
Magic:  7/8        EV: 13    Int: 12 (15) God:
Gold:   61         SH:  4    Dex: 16 (17) Spells: 2 memorised, 6 levels left

rFire  . . .     SeeInvis .       - Unarmed
rCold  . . .     Gourm    +     b - +0 robe
rNeg   . . .     Faith    .     (no shield)
rPois  .         Spirit   .     (no helmet)
rElec  .         Reflect  .     (no cloak)
rCorr  .         Harm     .     (no gloves)
MR     .....                    (no boots)
Stlth  ++........               m - amulet of the gourmand
                                (no ring)
                                f - +4 ring of dexterity

@: no status effects
A: large bone plates 1, powered by death 1, powered by pain 1
a: no special abilities


You were on level 3 of the Dungeon.
You were very full.

You visited 1 branch of the dungeon, and saw 3 of its levels.

You collected 61 gold pieces.

Inventory:

Missiles
 a - 43 arrows
Armour
 b - a +0 robe (worn)
Jewellery
 f - a +4 ring of dexterity (left hand)
 m - an amulet of the gourmand (around neck)
Wands
 j - a wand of iceblast (6/15)
Potions
 k - a potion of degeneration
Books
 c - a book of Changes

   Spells                             Type                      Level
   a - Beastly Appendage              Transmutation                1
   b - Sticks to Snakes               Transmutation                2
   c - Spider Form                    Transmutation/Poison         3
   d - Ice Form                       Ice/Transmutation            4
   e - Blade Hands                    Transmutation                5
Comestibles
 d - 2 bread rations
 l - a meat ration
 n - a slice of pizza


   Skills:
 + Level 1.3 Fighting
 + Level 2.6 Dodging
 + Level 1.0 Stealth
 + Level 4.0 Unarmed Combat
 + Level 2.6 Spellcasting
 + Level 2.4 Transmutations


You had 6 spell levels left.
You knew the following spells:

 Your Spells              Type           Power        Failure   Level  Hunger
a - Beastly Appendage     Tmut           #.....       12%         1    #......
b - Sticks to Snakes      Tmut           #.......     14%         2    ###....


Dungeon Overview and Level Annotations

Branches:
Dungeon (3/15)

Altars:

Annotations:
D:3 Natasha


Innate Abilities, Weirdness & Mutations

You are partially covered in large bone plates. (SH +4)
You regenerate a little health from kills.
You sometimes gain a little power by taking damage.


Message History

The adder closely misses your ball python.
A rat comes into view.
Casting: Sticks to Snakes
Confirm with . or Enter, or press ? or * to list all spells.
Okay, then.
Okay, then.
As you read the scroll labeled TEPPEPRUPEUL, it crumbles to dust.
You feel blessed for a moment.
It was a scroll of remove curse.
Your ball python barely misses the adder.
Your ball python constricts the adder.
The adder barely misses your ball python.
Your ball python bites the adder.
Your ball python constricts the adder.
The adder bites your ball python.
Your ball python dies!
The adder barely misses you. The adder bites you but does no damage.
The crimson imp disappears in a puff of smoke!
The adder misses you. The adder bites you.
You die...

#.....# #..... #.##### ######
#†# #†# #.# #.# #.#
)##############.######## ###
.........SS@...........###..
r########.#####.########.###
#$######.§.......# #.##
.....5.....##############.###
.#######...# ........##.#.
#...# #.......##.. #.# #...#
#.<......##. .. #...#
#........### #.## #...#
########....


You could see 2 adders.

Vanquished Creatures
  An orc priest (D:3)
  Natasha (D:3)
  2 adders (D:3)
  2 worms
  2 dart slugs (D:2)
  5 orcs (D:3)
  4 ball pythons
  4 giant cockroaches
  8 goblins
  5 hobgoblins
  10 jackals
  8 bats
  A frilled lizard (D:2)
  2 kobolds (D:2)
  10 rats
65 creatures vanquished.

Vanquished Creatures (collateral kills)
  Natasha (D:3)
  A goblin (D:3)
  A jackal (D:2)
3 creatures vanquished.

Grand Total: 68 creatures vanquished

Notes
Turn   | Place    | Note
-------+----------+-------------------------------------------
     0 | D:1      | Malachi the Demonspawn Transmuter began the quest for the Orb.
     0 | D:1      | Reached XP level 1. HP: 15/15 MP: 3/3
   242 | D:1      | Reached skill level 3 in Unarmed Combat
   274 | D:1      | Gained mutation: You sometimes gain a little power by taking damage. [demonic ancestry]
   274 | D:1      | Reached XP level 2. HP: 20/21 MP: 3/5
   278 | D:1      | Learned a level 2 spell: Sticks to Snakes
  1058 | D:2      | Gained mutation: You are partially covered in large bone plates. (SH +4) [demonic ancestry]
  1058 | D:2      | Reached XP level 3. HP: 17/26 MP: 4/6
  2121 | D:3      | Found a glowing drain.
  2141 | D:3      | Gained mutation: You regenerate a little health from kills. [demonic ancestry]
  2141 | D:3      | Reached XP level 4. HP: 30/32 MP: 5/7
  2176 | D:3      | Noticed Natasha
  2192 | D:3      | Killed Natasha
  2823 | D:3      | Noticed Natasha
  2834 | D:3      | Reached XP level 5. HP: 27/37 MP: 5/8
  2876 | D:3      | Killed Natasha
  2876 | D:3      | Reached skill level 1 in Stealth
  2876 | D:3      | Reached skill level 4 in Unarmed Combat
  3318 | D:3      | Noticed Natasha
  3348 | D:3      | Slain by an adder

Skill      XL: |  1  2  3  4  5 |
---------------+----------------+-----
Unarmed Combat | 3 4 |  4.0
Dodging        | 2 |  2.6
Transmutations | 2 |  2.4
Stealth        | 1 |  1.0
Fighting       | |  1.3
Spellcasting   | |  2.6

Action                   |  1- 3 |  4- 6 || total
-------------------------+-------+-------++-------
Melee: Unarmed           |   142 |    84 ||   226
       Kick              |     3 |     2 ||     5
       Headbutt          |     4 |     9 ||    13
       Punch             |     2 |       ||     2
 Cast: Beastly Appendage |    19 |     6 ||    25
       Sticks to Snakes  |     5 |     6 ||    11
  Use: Scroll            |       |     3 ||     3
       Potion            |       |     2 ||     2
 Stab: Sleeping          |     7 |     2 ||     9
  Eat: Chunk             |     7 |    11 ||    18
Armor: Robe              |    36 |    10 ||    46
Dodge: Dodged            |   122 |    52 ||   174
Block: Other             |    16 |     9 ||    25
